 Dungeon Crawl Stone Soup version 0.21.1-1-g345015f (webtiles) character file.

11144 zishaf the Slicer (level 12, 0/80 HPs)
             Began as a Kobold Berserker on May 18, 2018.
             Was a High Priest of Trog.
             Slain by a death yak (18 damage)
             ... on level 9 of the Dungeon.
             The game lasted 00:26:29 (10150 turns).

zishaf the Slicer (Kobold Berserker)               Turns: 10150, Time: 00:26:30

Health: 0/80       AC: 14    Str: 20    XL:     12   Next: 4%
Magic:  12/12      EV: 14    Int:  8    God:    Trog [*****.]
Gold:   382        SH:  6    Dex: 17    Spells: 11/11 levels left

rFire    . . .     SeeInvis .   K - +2 dagger (venom)
rCold    . . .     Gourm    .   F - +0 buckler
rNeg     . . .     Faith    .   y - +0 plate armour
rPois    +         Spirit   .   n - +2 helmet
rElec    .         Reflect  .   (no cloak)
rCorr    .         Harm     .   (no gloves)
MR       .....                  z - +0 pair of boots
Stlth    ..........             m - amulet of rage
HPRegen  0.23/turn              w - ring of poison resistance
MPRegen  0.13/turn              B - +3 ring of dexterity

@: about to teleport, berserk cooldown, slowed, very slow
A: small, carnivore
a: Berserk, Trog's Hand, Brothers in Arms, Burn Spellbooks, Renounce Religion,
Evoke Berserk Rage


You were on level 9 of the Dungeon.
You worshipped Trog.
Trog was extremely pleased with you.
You were not hungry.

You visited 2 branches of the dungeon, and saw 10 of its levels.
You also visited: Sewer.

You collected 382 gold pieces.

Inventory:

Hand Weapons
 a - a +1 short sword
 p - a +0 rapier
 I - a +4 fustibalus of freezing
 K - a +2 dagger of venom (weapon)
Armour
 n - a +2 helmet (worn)
 y - a +0 plate armour (worn)
 z - a +0 pair of boots (worn)
 F - a +0 buckler (worn)
Jewellery
 d - an uncursed ring of magical power
 m - an amulet of rage (around neck)
 q - an uncursed ring of magical power
 s - an uncursed ring of protection from fire
 w - a ring of poison resistance (left hand)
 B - a +3 ring of dexterity (right hand)
Wands
 v - a wand of clouds (4)
 E - a wand of digging (13)
 H - a wand of polymorph (7)
Scrolls
 b - 2 scrolls of enchant weapon
 f - 8 scrolls of teleportation
 h - 6 scrolls of enchant armour
 i - 4 scrolls of immolation {unknown}
 j - 3 scrolls of blinking
 k - 4 scrolls of identify
 x - 3 scrolls of magic mapping {unknown}
 D - 3 scrolls of random uselessness {unknown}
Potions
 e - 10 potions of curing {unknown}
 g - 2 potions of flight {unknown}
 l - 2 potions of ambrosia
 o - a potion of haste
 r - 4 potions of heal wounds
 t - a potion of agility
 u - 2 potions of lignification
 A - a potion of resistance
 C - a potion of magic {unknown}
 G - a potion of brilliance {unknown}
Comestibles
 c - 12 rations


   Skills:
 - Level 11.0 Fighting
 - Level 14.0 Short Blades
 - Level 1.6 Armour
 - Level 12.1 Dodging
 * Level 3.6 Shields


You had 11 spell levels left.
You didn't know any spells.

Dungeon Overview and Level Annotations

Branches:
Dungeon (9/15)             Temple (1/1) D:6
   Lair: D:8-11         Orc: D:9-12

Altars:
Ashenzari
Cheibriados
Elyvilon
Fedhas
Hepliaklqana
Kikubaaqudgha
Okawaru
Ru
Sif Muna
Vehumet
Wu Jian
Xom
Zin
The Shining One

Shops:
D:5 =

Annotations:
D:9 0gre's ghost, novice MiBe


Innate Abilities, Weirdness & Mutations

You are small and have problems with some larger weapons.
You are carnivorous and can eat meat at any time.


Message History

The death yak is lightly wounded.
The death yak barely misses you.
The worker ant closely misses you. 0gre's ghost hits you!
You hit the death yak but do no damage.
The death yak looks even sicker.
The death yak is lightly wounded.
The death yak gores you but does no damage.
The worker ant barely misses you. 0gre's ghost closely misses you.
A death yak comes into view.
You hit 0gre's ghost but do no damage. The death yak closely misses you.
The worker ant barely misses you.
You hit 0gre's ghost but do no damage.
You kill the worker ant!
Trog accepts your kill. 0gre's ghost hits you.
The death yak gores you!!
As you read the scroll of teleportation, it crumbles to dust.
You feel strangely unstable. 0gre's ghost hits you!
* * * LOW HITPOINT WARNING * * *
The death yak gores you but does no damage.
The death yak gores you!!
You die...

#########
#..>....#
#.......#
#.?(....#
#.......#
#.......##
#.Y.......
#@Y.....#
#.WY....#
###†###.#
... .....
.......
.......
#....##
....#


You could see 3 death yaks and 0gre's ghost.

Vanquished Creatures
  2 death yaks (D:9)
  3 two-headed ogres
  The ghost of AkioCrescent the Ruffian, a novice TrMo of Kikubaaqudgha (D:7)
  Pikel (D:7)
  6 centaur zombies (D:8)
  2 hellwings (D:8)
  A tengu conjurer (D:6)
  A hornet (D:8)
  2 hippogriffs
  Eustachio (D:4)
  A water moccasin (D:6)
  A necrophage (D:8)
  A sky beast (D:6)
  2 ice beasts (D:6)
  4 ogres
  A slave (D:7)
  2 centaurs
  7 big kobolds (Sewer)
  2 bullfrogs
  A gnoll sergeant (D:6)
  A wyvern skeleton (D:9)
  3 scorpions
  4 wights
  A howler monkey (D:6)
  An electric eel (D:8)
  7 crimson imps
  A bullfrog zombie (D:6)
  2 hounds (D:6)
  3 jellies (D:8)
  2 centaur skeletons
  3 orc priests
  Ijyb (D:4)
  2 orc wizards
  Natasha (thrice) (D:4)
  7 worker ants
  A killer bee zombie (D:6)
  Robin (D:3)
  A howler monkey skeleton (D:6)
  11 adders
  12 gnolls
  5 shadow imps
  13 oozes
  An adder skeleton (D:2)
  6 worms
  9 leopard geckos
  22 orcs
  8 giant cockroaches
  8 goblins
  7 hobgoblins
  12 jackals
  8 kobolds
  3 quokkas
  4 ball pythons
  6 bats
  2 frilled lizards (D:1)
  A jackal skeleton (D:5)
  A jackal zombie (D:7)
  2 quokka skeletons
  A quokka zombie (D:6)
  8 rats
236 creatures vanquished.

Vanquished Creatures (others)
  A slave (D:7)
1 creature vanquished.

Grand Total: 237 creatures vanquished

Notes
Turn   | Place    | Note
-------+----------+-------------------------------------------
     0 | D:1      | zishaf the Kobold Berserker began the quest for the Orb.
     0 | D:1      | Reached XP level 1. HP: 14/14 MP: 1/1
   458 | D:1      | Reached XP level 2. HP: 15/19 MP: 2/2
   721 | D:1      | Reached skill level 5 in Short Blades
  1025 | D:2      | Reached XP level 3. HP: 20/23 MP: 3/3
  1157 | D:2      | Reached skill level 6 in Short Blades
  1157 | D:2      | Reached XP level 4. HP: 18/28 MP: 4/4
  1512 | D:2      | You fall through a shaft!
  1531 | D:3      | Reached ** piety under Trog
  1554 | D:3      | Found an ancient bone altar of Kikubaaqudgha.
  1683 | D:2      | Reached skill level 7 in Short Blades
  1683 | D:2      | Reached XP level 5. HP: 32/32 MP: 5/5
  2412 | D:3      | Reached skill level 8 in Short Blades
  2436 | D:3      | Noticed Robin
  2450 | D:3      | Killed Robin
  2450 | D:3      | Reached XP level 6. HP: 37/37 MP: 6/6
  2813 | D:3      | Found a sacrificial altar of Ru.
  3143 | D:4      | Noticed Eustachio
  3153 | D:4      | Killed Eustachio
  3153 | D:4      | Reached skill level 9 in Short Blades
  3153 | D:4      | Reached XP level 7. HP: 41/41 MP: 7/7
  3196 | D:4      | Reached skill level 10 in Short Blades
  3200 | D:4      | Reached *** piety under Trog
  3230 | D:4      | Found a glowing drain.
  3261 | Sewer    | Entered a sewer
  3448 | Sewer    | Reached skill level 11 in Short Blades
  3550 | Sewer    | Reached XP level 8. HP: 36/46 MP: 8/8
  3757 | Sewer    | Reached skill level 12 in Short Blades
  4198 | D:4      | Noticed Ijyb
  4263 | D:4      | Killed Ijyb
  4338 | D:4      | Found a shattered altar of Ashenzari.
  4407 | D:4      | Noticed Natasha
  4413 | D:4      | Killed Natasha
  4781 | D:4      | Noticed Natasha
  4786 | D:4      | Killed Natasha
  4836 | D:4      | Reached skill level 13 in Short Blades
  4895 | D:4      | Noticed Natasha
  4902 | D:4      | Killed Natasha
  4951 | D:5      | Entered Level 5 of the Dungeon
  5075 | D:5      | Reached **** piety under Trog
  5250 | D:5      | Reached XP level 9. HP: 52/52 MP: 9/9
  5583 | D:5      | Found Ysuver's Jewellery Shop.
  5882 | D:5      | Found an ornate altar of the Wu Jian Council.
  6182 | D:6      | Found a staircase to the Ecumenical Temple.
  6221 | Temple   | Entered the Ecumenical Temple
  6653 | D:6      | Reached skill level 5 in Fighting
  6953 | D:6      | Reached skill level 5 in Dodging
  7368 | D:6      | Reached skill level 14 in Short Blades
  7471 | D:6      | Reached ***** piety under Trog
  7596 | D:6      | Noticed a tengu conjurer
  7597 | D:6      | Noticed a hippogriff
  7610 | D:6      | Killed a tengu conjurer
  7610 | D:6      | Reached XP level 10. HP: 61/61 MP: 10/10
  7870 | D:7      | Noticed Pikel
  7887 | D:7      | Killed Pikel
  8379 | D:7      | Noticed AkioCrescent's ghost (novice TrMo)
  8391 | D:7      | Killed AkioCrescent's ghost
  8937 | D:8      | Noticed a two-headed ogre
  8948 | D:8      | Killed a two-headed ogre
  9144 | D:8      | Found an iron altar of Okawaru.
  9155 | D:8      | Reached XP level 11. HP: 71/71 MP: 11/11
  9474 | D:8      | Reached skill level 10 in Dodging
  9489 | D:8      | Reached skill level 10 in Fighting
  9512 | D:8      | Noticed a two-headed ogre
  9665 | D:8      | Killed a two-headed ogre
  9676 | D:8      | Received a gift from Trog
  9869 | D:8      | Found a white marble altar of Elyvilon.
  9871 | D:8      | Found a glowing silver altar of Zin.
  9871 | D:8      | Found a glowing silver altar of Zin.
  9873 | D:8      | Found a shimmering altar of Xom.
  9873 | D:8      | Found a glowing silver altar of Zin.
  9873 | D:8      | Found a deep blue altar of Sif Muna.
  9928 | D:8      | Reached skill level 1 in Shields
 10058 | D:9      | Noticed a death yak
 10058 | D:9      | Noticed a two-headed ogre
 10067 | D:9      | Killed a two-headed ogre
 10079 | D:9      | Noticed a death yak
 10080 | D:9      | Killed a death yak
 10082 | D:9      | Noticed a death yak
 10117 | D:9      | Noticed a death yak
 10126 | D:9      | Noticed 0gre's ghost (novice MiBe)
 10142 | D:9      | Killed a death yak
 10142 | D:9      | Reached XP level 12. HP: 80/80 MP: 12/12
 10148 | D:9      | Noticed a death yak
 10150 | D:9      | Slain by a death yak

Skill      XL: |  1  2  3  4  5  6  7  8  9 10 11 |
---------------+----------------------------------+-----
Short Blades   | 5 6 7 8 9 11 13 14 | 14.0
Dodging        | 3 6 9 12 | 12.1
Fighting       | 6 9 11 | 11.0
Shields        | 3 |  3.6
Armour         | |  1.6

Action                   |  1- 3 |  4- 6 |  7- 9 | 10-12 || total
-------------------------+-------+-------+-------+-------++-------
Melee: Short sword       |   101 |   200 |       |       ||   301
       Rapier            |       |       |   213 |   241 ||   454
       Dagger            |       |       |   556 |   106 ||   662
Invok: Berserk           |     2 |     8 |    35 |    18 ||    63
       Burn Spellbooks   |       |       |     1 |       ||     1
  Use: Scroll            |       |     8 |     3 |     2 ||    13
  Eat: Chunk             |     7 |    17 |    43 |    20 ||    87
       Ration            |       |       |     2 |       ||     2
Armor: Chain mail        |    46 |    63 |   137 |       ||   246
       Plate armour      |       |       |    49 |   103 ||   152
Dodge: Dodged            |    50 |    81 |   235 |   121 ||   487
Block: Buckler           |       |       |       |    42 ||    42
